[Event "NJSK 2024 C"]
[Site "Groningen, Netherlands"]
[Date "2024.05.03"]
[Round "9.12"]
[White "Kors, Siebe"]
[Black "De Wit, Evan"]
[Result "1/2-1/2"]
[TimeControl "90min/40moves + 30min + 30sec/move"]
[WhiteElo "1668"]
[BlackElo "1769"]

1. e4 c5 2. Nf3 Nc6 3. d4 cxd4 4. Nxd4 Nf6 5. Nc3 e5 6. Ndb5 d6 7. Nd5 Nxd5 8.
exd5 Nb8 9. c4 Be7 10. Bd3 O-O 11. Be3 a6 12. Nc3 f5 13. f3 Bh4+ 14. g3 f4 15. Bf2 Bg5 16. Qc2 h6 17.
h4 fxg3 18. Bxg3 Be3 19. Qe2 Bd4 20. Bf2 Bg4 21. Be4 Qf6 22. Bxd4 exd4 23. fxg4 dxc3 24. Rc1 cxb2 25. Rb1 Qc3+ 26.
Qd2 Qg3+ 27. Kd1 Qxg4+ 28. Qe2 Qxe2+ 29. Kxe2 Nd7 30. Bd3 Nc5 31. Bc2 Rae8+ 32. Kd1 Rf2 33. Rxb2 Ree2 34. Bh7+ Kxh7 35.
Rxe2 Rf4 36. Re7 Rg4 37. Ke2 Rxc4 38. Rg1 Re4+ 39. Rxe4 Nxe4 40. Rc1 Kg6 41. Rc7 Nc5 42. Rc8 Kf6 43.
Ke3 g5 44. Kf3 gxh4 45. Rh8 Ke5 46. Rxh6 Kxd5 47. Rxh4 b5 48. Rb4 Nd3 49. Rb3 Kc4 50. Ra3 Nc5 51. Ke2 d5 52. Kd2 d4 53. Rf3 a5 54. Rf8 Ne4+ 55.
Kc2 d3+ 56. Kd1 Nc3+ 57. Kd2 Nxa2 58. Rf4+ Kb3 59. Kxd3 Nb4 60. Kd2 a4 61. Rf5 Kc4 62. Rf4+ Kc5 63. Rf5+ Nd5 64. Kc2 Kc4 65.
Kb2 b4 66. Rf3 Nc7 67. Rf4+ Kc5 68. Rf5+ Nd5 69. Rf3 Kc4 70. Rh3 Nc7 71. Rh4+ Kc5 72. Rh5+ Kb6 73. Rh6+ Kb7 74. Rh5 Kb6 75.
Rh6+ Ka5 76. Rh5+ Nb5 77. Rg5 Kb6 78. Rg4 Kc5 79. Rg5+ Kc4 80. Rg4+ Nd4 81. Rg3 b3 82. Ka3 Ne2 83.
Rg4+ Nd4 84. Kxa4 1/2-1/2

[Event "NJSK 2024 C"]
[Site "Groningen, Netherlands"]
[Date "2024.05.03"]
[Round "9.13"]
[White "Haque, Nishaaz"]
[Black "Stylianou, Alexandros"]
[Result "1-0"]
[TimeControl "90min/40moves + 30min + 30sec/move"]
[WhiteElo "1803"]
[BlackElo "1642"]

1. a3 e5 2. c4 f5 3. Nc3 Nf6 4.
e3 Nc6 5. Nge2 d5 6. cxd5 Nxd5 7. d4 e4 8. Nxd5 Qxd5 9. Nc3 Qa5 10. Bd2 Qb6 11. Nd5 Qxb2 12. Bc3 Qxa1 13. Qxa1 Bd6 14.
Bb5 Bd7 15. Nb4 Bxb4 16. Bxb4 O-O-O 17. Bc3 a6 18. Bc4 Rhf8 19. d5 Ne7 20. Bxg7 Rg8 21. d6 Nc6 22. Bxg8 Rxg8 23. dxc7 Kxc7 24.
O-O Be6 25. Be5+ Kc8 26. Bf4 Bc4 27. Qf6 Bxf1 28. Qe6+ Kd8 29. Qxg8+ Kd7 30. Qxh7+ Ke6 31. Qg6+ Ke7 32. Bg5+ Kd7 33.
Qxf5+ Kc7 34. Kxf1 Kb6 35. Qxe4 Ka7 36. Be7 Kb6 37. Bh4 1-0

[Event "NJSK 2024 C"]
[Site "Groningen, Netherlands"]
[Date "2024.05.03"]
[Round "10.1"]
[White "Kurt, Sascha"]
[Black "Groenewoud, Joel"]
[Result "0-1"]
[TimeControl "90min/40moves + 30min + 30sec/move"]
[WhiteElo "2096"]
[BlackElo "2030"]

1. e4 c6 2. d4 d5 3.
exd5 cxd5 4. c4 Nf6 5. Nc3 g6 6. Qb3 Bg7 7. cxd5 O-O 8.
Be2 Na6 9. Bf3 b5 10. a3 Rb8 11. Nge2 b4 12. axb4 Nxb4 13. O-O Bf5 14. Qa4 Nbxd5 15. Qxa7 Re8 16. Rd1 Qd6 17. Qc5 Nxc3 18.
Nxc3 Rbd8 19. Qxd6 Rxd6 20. Bf4 Rb6 21. Na4 Rb4 22. Be5 Bc2 23. Re1 Rxa4 24. Rac1 Rc8 25. b3 Ra2 26. Bb7 Rc3 27. b4 Rca3 28. g3 Bf5 29.
b5 Rb2 30. Bc6 Rab3 31. d5 Rd2 32. Ra1 Nxd5 33. Ra8+ Bf8 34. Bxd5 Rxd5 35. Bf4 Kg7 36. Bh6+ Kxh6 37. Rxf8 Kg7 38. Re8 e6 39. Rc1 Rdxb5 40. Rcc8 Bh3 41. f4 Rb2 42. Rg8+ Kf6 43. Rc1 Rg2+ 44.
Kh1 Rbb2 45. Rh8 Rxh2+ 46. Kg1 Rbg2+ 47. Kf1 Rh1# 0-1

[Event "NJSK 2024 C"]
[Site "Groningen, Netherlands"]
[Date "2024.05.03"]
[Round "11.1"]
[White "Grooten, Tommy"]
[Black "Kurt, Sascha"]
[Result "1/2-1/2"]
[TimeControl "90min/40moves + 30min + 30sec/move"]
[WhiteElo "2018"]
[BlackElo "2096"]

1. d4 Nf6 2. c4 e6 3. Nf3 d5 4. cxd5 exd5 5. Nc3 c6 6.
Bg5 Bd6 7. Qc2 O-O 8. e3 h6 9. Bh4 Re8 10. Bd3 Bg4 11. Nd2 Nbd7 12. O-O Qc7 13. Bg3 Bxg3 14. hxg3 Qd6 15. Rab1 a5 16.
a3 b5 17. Rfc1 Rec8 18. b4 axb4 19. axb4 Nb6 20. Qb3 Nc4 21.
Bxc4 bxc4 22. Qb2 Rcb8 23. e4 dxe4 24. Ncxe4 Nxe4 25.
Nxe4 Qd5 26. Nc5 Rd8 27. Qc3 Qxd4 28. Qxc4 Bf5 29. Qxd4 Rxd4 30. Rb2 Rb8 31. Na6 Rb6 32. Ra2 Kh7 33.
Ra5 Bc8 34. Nc7 Rdxb4 35. Rac5 Bb7 36. Ne8 Rb1 37. Nd6 Rxc1+ 38. Rxc1 Ba6 39. Nxf7 Bb5 40. Nd6 Rb8 41. Nxb5 cxb5 42. Kf1 b4 43. Ke2 b3 44.
Rb1 Kg6 45. Kd3 Kf5 46. f3 g5 47. Kc3 h5 48.
Rxb3 Rxb3+ 49. Kxb3 h4 50. Kc3 hxg3 51. Kd3 Ke5 52.
Ke3 Kf5 53. Kd3 Kf4 54. Kd4 Kf5 55.
Kd5 Kf4 56. Kd4 g4 57. fxg4 Kxg4 58. Ke4 Kh5 59. Kf3 Kh4 60. Kf4 Kh5 61. Kxg3 Kg5 62. Kf3 Kf5 63. g4+ Kg5 64. Kg2 Kg6 65. g5 Kg7 66. g6 Kf6 67. g7 Kf7 68. g8=N 1/2-1/2

[Event "NJSK 2024 C"]
[Site "Groningen, Netherlands"]
[Date "2024.05.03"]
[Round "12.1"]
[White "Groenewoud, Joel"]
[Black "Grooten, Tommy"]
[Result "0-1"]
[TimeControl "90min/40moves + 30min + 30sec/move"]
[WhiteElo "2030"]
[BlackElo "2018"]

1. e4 c5 2. Nf3 e6 3.
d4 cxd4 4. Nxd4 Nf6 5. Nc3 d6 6.
Be3 a6 7. f3 b5 8. a3 Nbd7 9. g4 h6 10. Qd2 Qc7 11. Rg1 Be7 12. h4 Nh7 13. g5 hxg5 14. hxg5 g6 15. Rh1 Bb7 16.
O-O-O O-O-O 17. Kb1 Rde8 18. Bd3 Qd8 19. Rdg1 Nc5 20. Rh2 e5 21. Nb3 Ne6 22. Rhg2 Nhxg5 23. Bxg5 Nxg5 24. Rxg5 Bxg5 25. Qxg5 Qxg5 26. Rxg5 Rh3 27. Be2 Kd7 28. Kc1 Ke6 29. Kd2 Rh4 30. Ke3 Reh8 31.
a4 bxa4 32. Bc4+ Kf6 33. Rg1 axb3 34. Bxb3 Rh1 35. Rg2 R8h2 36. Rg3 a5 37. Nb5 Ba6 38. c4 Rxb2 39. Ba4 Rb4 40. Nc3 Rxc4 41. Nd5+ Ke6 42. Bb3 a4 43.
Bxc4 Bxc4 44. Nb6 Bb3 45. Rg2 Rb1 46.
Rd2 a3 47. Nc8 Kf6 48. Rxd6+ Kg7 49. Ra6 a2 50. Kd4 0-1

[ePGN "0.1;DGT LiveChess/2.2.6"]

[Event "NJSK 2024 AmBm"]
[Site "Groningen, Netherlands"]
[Date "2024.04.27"]
[Round "1.1"]
[White "Hagen, Carlijn"]
[Black "Verheij, Dana"]
[Result "0-1"]
[TimeControl "90min/40moves + 30min + 30sec/move"]
[WhiteElo "1705"]
[BlackElo "1923"]

1. d4 f5 2. Bf4 Nf6 3. e3 g6 4. Be2 Bg7 5. Nf3 O-O 6. c3 d6 7. Nbd2 e6 8. Qc2 Qe7 9. h4 h6 10.
Nf1 Nc6 11. Rd1 e5 12. dxe5 dxe5 13. Bh2 Ne4 14. Bc4+ Be6 15. Bxe6+ Qxe6 16. N1d2 Nd6 17. Nb3 b6 18. O-O a5 19.
Nc1 Qf6 20. Ne2 e4 21. Nfd4 Ne5 22. Bxe5 Qxe5 23. Nc6 Qf6 24. Nf4 Kh7 25. Nd5 Qxh4 26. g3 Qh3 27. Nf4 Qg4 28. Rd2 Nf7 29.
Rd7 Ng5 30. Ne5 Nf3+ 31. Nxf3 exf3 32. Kh2 g5 33. Nh3 Qh5 34. Rh1 g4 35. Kg1 gxh3 36. Rxc7 Rf7 37. Rxf7 Qxf7 38. Rxh3 Rd8 39.
g4 Qd5 40. gxf5 Qd1+ 41. Qxd1 Rxd1+ 42. Kh2 Be5+ 0-1

[Event "NJSK 2024 AmBm"]
[Site "Groningen, Netherlands"]
[Date "2024.04.27"]
[Round "1.2"]
[White "Westerhof, Fleur"]
[Black "Liu, Chia-Yun"]
[Result "1-0"]
[TimeControl "90min/40moves + 30min + 30sec/move"]
[WhiteElo "1916"]
[BlackElo "1704"]

1. e4 e5 2. Nf3 Nc6 3. d4 exd4 4. Bc4 Bc5 5. c3 Nf6 6. e5 d5 7. Bb5 Ne4 8. cxd4 Bb6 9. Be3 O-O 10.
Nc3 Bg4 11. h3 Bh5 12. Qc2 Ba5 13. O-O Bxc3 14. bxc3 Bxf3 15. gxf3 Ng5 16. Qf5 f6 17. h4 fxe5 18. Qxg5 Qxg5+ 19. hxg5 exd4 20. Bxc6 bxc6 21. Bxd4 Rxf3 22. Rab1 Rf4 23. Kh2 a6 24. Rb7 Rf7 25. Rfb1 g6 26. Rb8+ Rxb8 27. Rxb8+ Rf8 28.
Rb7 Rf7 29. Ra7 Re7 30. Rxa6 Re6 31. Ra8+ Kf7 32. Rh8 1-0

[Event "NJSK 2024 AmBm"]
[Site "Groningen, Netherlands"]
[Date "2024.04.27"]
[Round "1.3"]
[White "Luijkx, Dagmar"]
[Black "Damen, Josephine"]
[Result "0-1"]
[TimeControl "90min/40moves + 30min + 30sec/move"]
[WhiteElo "1701"]
[BlackElo "1890"]

1. e4 e5 2. Nc3 Nf6 3. f4 d5 4. fxe5 Nxe4 5. Nf3 Be7 6. g3 O-O 7. Bg2 Bg4 8. d3 Nxc3 9. bxc3 f6 10.
h3 Bxf3 11. Bxf3 fxe5 12. O-O c6 13. Rb1 Qc7 14. Bg4 Nd7 15. Be3 Nf6 16. Kh2 b6 17. Bf5 Qd6 18. Qc1 g6 19. Bh6 Rf7 20.
Qg5 Ne8 21. Qg4 Ng7 22. Bd7 Bf6 23. Bxg7 Kxg7 24. Bc8 h5 25. Qa4 Rxc8 26. Kh1 Rcf8 27. Rg1 d4 28. g4 Qd5+ 29. Kh2 Bh4 30.
Rg2 hxg4 31. hxg4 Bg5 32. c4 Rh8+ 33. Kg1 Be3+ 34. Rf2 Rh1# 0-1

[Event "NJSK 2024 AmBm"]
[Site "Groningen, Netherlands"]
[Date "2024.04.27"]
[Round "1.4"]
[White "Gergin, Isafara"]
[Black "Ganeshram, Nirupa"]
[Result "1-0"]
[TimeControl "90min/40moves + 30min + 30sec/move"]
[WhiteElo "1888"]
[BlackElo "1696"]

1. e4 c5 2. Nf3 d6 3. d4 cxd4 4. Nxd4 Nf6 5. Nc3 g6 6. Bc4 Bg7 7. O-O O-O 8. Re1 Nc6 9. Bb3 Bd7 10.
Nf3 Bg4 11. h3 Bxf3 12. Qxf3 Nd4 13. Qd3 Nd7 14. Be3 Nc5 15. Qd1 Ndxb3 16. axb3 a6 17. Bd4 Ne6 18. Bxg7 Nxg7 19. Qf3 Rc8 20.
e5 Rc7 21. Rad1 Ne8 22. Qe3 e6 23. exd6 Rd7 24. Ne4 b5 25. Qg3 a5 26. c4 bxc4 27. bxc4 Qb6 28. b3 Qc6 29. c5 Rb7 30.
Qf3 Kg7 31. Qc3+ Kg8 32. Ra1 Ng7 33. Nf6+ Kh8 34. d7 Rc7 35. Ne8 Rxe8 36. dxe8=Q+ Qxe8 37. Rxa5 Kg8 38. Rea1 Rc8 39. b4 Nf5 40. b5 Ne7 41. c6 Nd5 42.
Qc5 Kg7 43. Ra7 Qd8 44. Rd7 Qf6 45. Raa7 Rf8 46. c7 Nxc7 47. Qxc7 Qf5 48. Rxf7+ Rxf7 49. Qxf7+ Qxf7 50. Rxf7+ Kxf7 51. b6 1-0

[Event "NJSK 2024 AmBm"]
[Site "Groningen, Netherlands"]
[Date "2024.04.27"]
[Round "1.5"]
[White "Kulikova, Polina"]
[Black "Feng, Elysia"]
[Result "0-1"]
[TimeControl "90min/40moves + 30min + 30sec/move"]
[WhiteElo "1690"]
[BlackElo "1862"]

1. d4 d5 2. c4 e6 3. cxd5 exd5 4. Nc3 Nf6 5. Bg5 Be7 6. e3 O-O 7. Bd3 h6 8. Bh4 c6 9. Nge2 Nbd7 10.
f3 Nh5 11. Bf2 f5 12. Qc2 f4 13. Nxf4 Nxf4 14. exf4 Rxf4 15. O-O-O Rf8 16. Be3 b5 17. f4 Nb6 18. b3 a5 19.
Kd2 Bd6 20. g3 Bg4 21. Rde1 Qd7 22. Rhf1 a4 23. Ra1 Rfe8 24. Bg6 Rf8 25. Bd3 Bb4 26. Bh7+ Kh8 27. Qd3 Rfd8 28. Kc2 Ra5 29.
bxa4 Nxa4 30. Nxa4 Rxa4 31. a3 Rda8 32. Bc1 Bd6 33. Bb2 Qe7 34. Rfe1 Qf8 35. Bg6 Bd7 36. Re3 b4 37. Bc1 bxa3 38.
Ra2 Rc4+ 39. Kd1 Bg4+ 40. Rf3 Bxf3+ 41. Qxf3 Rxd4+ 42. Bd3 Qb8 43. Kc2 Qb4 44. Bd2 Qa4+ 45. Kc3 Rc4+ 46. Bxc4 Qxc4# 47. Kd4 0-1

[Event "NJSK 2024 AmBm"]
[Site "Groningen, Netherlands"]
[Date "2024.04.27"]
[Round "1.6"]
[White "Basa, Manasvita"]
[Black "Woldhuis, Thera"]
[Result "1-0"]
[TimeControl "90min/40moves + 30min + 30sec/move"]
[WhiteElo "1829"]
[BlackElo "1662"]

1. e4 e5 2. Nc3 Bc5 3. Bc4 d6 4. d3 Nc6 5. f4 Bxg1 6. Rxg1 Qh4+ 7. g3 Qxh2 8. Be3 Be6 9. Bxe6 fxe6 10.
Qg4 Nd4 11. Bxd4 exd4 12. Ne2 O-O-O 13. Qxg7 Nh6 14. Qxd4 Kb8 15. Qe3 Ng4 16. Qf3 Qh5 17. O-O-O Rdf8 18. Rh1 Qg6 19. Rh4 h5 20.
Rdh1 a6 21. Ng1 Ka8 22. Nh3 c5 23. Qe2 Qh6 24. Ng5 Qg6 25. Qd2 d5 26. Qc3 e5 27. exd5 Qf5 28. Ne6 Rfg8 29. Qxc5 Rh6 30.
Qb6 Rc8 31. Nc7+ Rxc7 32. Qxc7 e4 33. Re1 Qxd5 34. Rxe4 Nf6 35. Re5 Qd4 36. Rh1 Nd7 37. Re7 Rd6 38. Qc4 Qb6 39. Qe4 Nf6 40.
Qe3 Qc6 41. Re1 Rd8 42. Re6 Rd6 43. Rxd6 Qxd6 44. Qe6 Qd8 45. Re5 Ka7 46. Qe7 Qh8 47. Rf5 Ng4 48. Qc5+ b6 49. Rf7+ Ka8 50.
Qc6+ Kb8 51. Qb7# 1-0

[Event "NJSK 2024 AmBm"]
[Site "Groningen, Netherlands"]
[Date "2024.04.27"]
[Round "1.7"]
[White "Van Apeldoorn, Vera"]
[Black "Knobbe, Elise"]
[Result "0-1"]
[TimeControl "90min/40moves + 30min + 30sec/move"]
[WhiteElo "1601"]
[BlackElo "1785"]

1. d4 f5 2. c4 Nf6 3. Nc3 g6 4. Nf3 Bg7 5. Bf4 e6 6. e3 d6 7. Bd3 O-O 8. O-O Nbd7 9. Qd2 Re8 10. e4 e5 11. dxe5 dxe5 12. Bg5 f4 13.
Rfe1 h6 14. Bxf6 Bxf6 15. Rad1 c6 16. b4 Nf8 17. c5 Bg4 18. Be2 Ne6 19. Qc1 Qc7 20. Nd2 Bxe2 21. Rxe2 Nd4 22. Ree1 Qf7 23.
Qb2 Rad8 24. Nb3 Kh7 25. Ne2 Qc4 26. Nd2 Nxe2+ 27. Kh1 Qc3 28. Qxc3 Nxc3 29. Rc1 Nxa2 30. Rcd1 Nc3 31. Rc1 Rxd2 32.
Rxc3 Red8 33. Rcc1 Rxf2 34. Kg1 Rdd2 35. Red1 Rxg2+ 36. Kf1 Rxh2 37. Rxd2 Rxd2 38. Ra1 a6 39. Ra3 g5 40. Rf3 g4 41.
Rc3 Bh4 42. Rb3 f3 43. Re3 Rd1+ 44. Re1 Rxe1# 0-1

[Event "NJSK 2024 AmBm"]
[Site "Groningen, Netherlands"]
[Date "2024.04.27"]
[Round "1.8"]
[White "Tangarife Ramirez, Katja"]
[Black "Yildirim, Azra"]
[Result "1-0"]
[TimeControl "90min/40moves + 30min + 30sec/move"]
[WhiteElo "1742"]
[BlackElo "1597"]

1. Nf3 c5 2. e4 Nc6 3. d4 d5 4. dxc5 Qa5+ 5. Nc3 dxe4 6. Ng5 Qxc5 7. Ngxe4 Qd4 8. Bd3 a6 9. O-O Nf6 10.
Be3 Qe5 11. Nxf6+ Qxf6 12. Nd5 Qe5 13. Bc4 Qd6 14. Bb6 Ne5 15. Nc7+ Kd7 16. Nxa8 Nxc4 17. Qg4+ Qe6 18. Rad1+ Nd6 19.
Qa4# 1-0

[Event "NJSK 2024 AmBm"]
[Site "Groningen, Netherlands"]
[Date "2024.04.27"]
[Round "1.9"]
[White "Rutten, Lenthe"]
[Black "Oostinga, Elisa"]
[Result "0-1"]
[TimeControl "90min/40moves + 30min + 30sec/move"]
[WhiteElo "1526"]
[BlackElo "1713"]

1. d4 d5 2. c4 c6 3. Nc3 Nf6 4. Bf4 Bf5 5. e3 e6 6. Nf3 Be7 7. Bd3 Bxd3 8. Qxd3 Nh5 9. Be5 f6 10.
Bxb8 Rxb8 11. g4 e5 12. dxe5 fxe5 13. Nxe5 Nf6 14. O-O-O Bd6 15. Qf5 Qe7 16. f4 O-O 17. cxd5 Bxe5 18.
Qxe5 Qxe5 19. fxe5 Nxg4 20. Rhe1 Nxe5 21. d6 Rf2 22. Ne4 Rxh2 23. d7 Rd8 24. Nc5 b6 25. Rd6 bxc5 26. Red1 Kf7 27.
a3 Ke7 28. R6d2 Rxd2 29. Rxd2 Rxd7 30. Rg2 g6 0-1

[Event "NJSK 2024 AmBm"]
[Site "Groningen, Netherlands"]
[Date "2024.04.28"]
[Round "2.1"]
[White "Verheij, Dana"]
[Black "Basa, Manasvita"]
[Result "1-0"]
[TimeControl "90min/40moves + 30min + 30sec/move"]
[WhiteElo "1923"]
[BlackElo "1829"]

1. e4 e5 2. Bc4 Nc6 3. Nc3 Nf6 4. d3 Bb4 5. Nge2 d5 6. exd5 Nxd5 7. O-O Be6 8. Bxd5 Bxd5 9. f4 Qd6 10.
fxe5 Nxe5 11. Nxd5 Qxd5 12. Nf4 Qd6 13. c3 Bc5+ 14. d4 O-O-O 15. Qe2 Bb6 16. Kh1 Ng6 17. Nh5 Rhe8 18. Qg4+ Kb8 19.
Nxg7 Qf6 20. Bh6 Ne5 21. dxe5 Qxh6 22. Nxe8 Rxe8 23. Qd7 Rg8 24. Qxf7 Rc8 25. e6 Bc5 26. e7 Bd6 27. h3 Qe3 28.
Qg7 Qxe7 29. Qxe7 Bxe7 30. Rf7 Bd6 31. Rxh7 Re8 32. Rf1 b6 33. Rhf7 a5 34. g4 Bc5 35. Kg2 Re2+ 36. R1f2 Bxf2 37.
Rxf2 Re3 38. h4 c5 39. h5 Re6 40. Rf7 Kc8 41. Kf3 Kd8 42. g5 Re5 43. Kf4 Re2 44. g6 Ke8 45. Rf5 Rxb2 46.
g7 Rf2+ 47. Ke5 Rxf5+ 48. Kxf5 Kf7 49. h6 b5 50. Ke4 b4 51. cxb4 cxb4 52. Kd3 a4 53. Kc4 1-0

[Event "NJSK 2024 AmBm"]
[Site "Groningen, Netherlands"]
[Date "2024.04.28"]
[Round "2.2"]
[White "Feng, Elysia"]
[Black "Westerhof, Fleur"]
[Result "0-1"]
[TimeControl "90min/40moves + 30min + 30sec/move"]
[WhiteElo "1862"]
[BlackElo "1916"]

1. e4 e5 2. Nf3 Nc6 3. Bb5 a6 4. Ba4 Nf6 5. O-O Be7 6. Re1 b5 7. Bb3 O-O 8. c3 d5 9. exd5 Nxd5 10.
Nxe5 Nxe5 11. Rxe5 c6 12. d4 Bd6 13. Re1 Qh4 14. g3 Qh3 15. Qe2 Ra7 16. Qf1 Qh5 17. f3 Bh3 18. Qf2 f5 19.
Nd2 Re8 20. Ne4 fxe4 21. fxe4 Rf7 22. Bf4 Bxf4 23. gxf4 Rf6 24. f5 Qg4+ 25. Qg3 Rxe4 26. Rxe4 Qxf5 27. Re8+ Kf7 28. Qc7+ Kxe8 29.
Re1+ Re6 30. Qxc6+ Ke7 31. Rxe6+ Qxe6 32. Qc5+ Kf6 33. Qf8+ Kg6 34. Qf2 Qg4+ 35. Kh1 Qe4+ 36. Kg1 Qb1+ 37.
Qf1 Qxf1# 0-1

[Event "NJSK 2024 AmBm"]
[Site "Groningen, Netherlands"]
[Date "2024.04.28"]
[Round "2.3"]
[White "Damen, Josephine"]
[Black "Tangarife Ramirez, Katja"]
[Result "0-1"]
[TimeControl "90min/40moves + 30min + 30sec/move"]
[WhiteElo "1890"]
[BlackElo "1742"]

1. e4 c6 2. d4 d5 3. exd5 cxd5 4. c4 Nf6 5. Nc3 Nc6 6. Nf3 a6 7. Be3 g6 8. Be2 Bg7 9. O-O O-O 10.
Rc1 Bg4 11. cxd5 Nxd5 12. h3 Nxc3 13. bxc3 Bxf3 14. Bxf3 e6 15. Rb1 Qc7 16. Qd2 Rfd8 17. Qb2 b5 18. g3 Rac8 19. Qa3 Na5 20.
Rfc1 Nc4 21. Qxa6 Nxe3 22. Kh2 Nd5 23. c4 bxc4 24. Rb7 Qc6 25. Qa7 Ra8 26. Bxd5 exd5 0-1

[Event "NJSK 2024 AmBm"]
[Site "Groningen, Netherlands"]
[Date "2024.04.28"]
[Round "2.4"]
[White "Knobbe, Elise"]
[Black "Gergin, Isafara"]
[Result "1/2-1/2"]
[TimeControl "90min/40moves + 30min + 30sec/move"]
[WhiteElo "1785"]
[BlackElo "1888"]

1. e4 c6 2. d4 d5 3. Bd3 dxe4 4. Bxe4 Nf6 5. Bf3 Bf5 6. Ne2 e6 7. c3 Bd6 8. Bf4 Qc7 9. Bxd6 Qxd6 10.
Ng3 Bg6 11. O-O Nbd7 12. Nd2 O-O 13. Re1 b5 14. Nde4 Qc7 15. Qe2 Rab8 16. Rac1 a5 17. b3 Rfd8 18. Red1 Nxe4 19. Nxe4 Nb6 20.
Nc5 Qd6 21. Nd3 Bxd3 22. Qxd3 Nd5 23. Qd2 Nf6 24. c4 b4 25. Qg5 Ra8 26. Qc5 Ra6 1/2-1/2

[Event "NJSK 2024 AmBm"]
[Site "Groningen, Netherlands"]
[Date "2024.04.28"]
[Round "2.5"]
[White "Oostinga, Elisa"]
[Black "Hagen, Carlijn"]
[Result "1-0"]
[TimeControl "90min/40moves + 30min + 30sec/move"]
[WhiteElo "1713"]
[BlackElo "1705"]

1. e4 e5 2. Nf3 Nc6 3. d4 exd4 4. Nxd4 Qh4 5. Nc3 Bb4 6. Qd3 Nf6 7. Nxc6 dxc6 8. Bd2 Bxc3 9. Bxc3 Qxe4+ 10. Qxe4+ Nxe4 11. Bxg7 Rg8 12. Be5 Nd6 13. O-O-O Ke7 14. Bd3 h5 15. Rhe1 Be6 16. f4 Kd7 17. c4 c5 18. f5 Rxg2 19. fxe6+ fxe6 20. Bg3 Rf8 21. Be4 Rxg3 22. hxg3 1-0

[Event "NJSK 2024 AmBm"]
[Site "Groningen, Netherlands"]
[Date "2024.04.28"]
[Round "2.6"]
[White "Liu, Chia-Yun"]
[Black "Van Apeldoorn, Vera"]
[Result "1-0"]
[TimeControl "90min/40moves + 30min + 30sec/move"]
[WhiteElo "1704"]
[BlackElo "1601"]

1. e4 e5 2. Nf3 Nc6 3. d4 exd4 4. Bc4 Nf6 5. e5 Ne4 6. Bd5 Nc5 7. Ng5 Ne6 8. Nxe6 dxe6 9. Bxc6+ bxc6 10.
O-O Be7 11. Qg4 g6 12. Bh6 Bf8 13. Bxf8 Kxf8 14. Nd2 Kg7 15. Ne4 Bb7 16. Nf6 c5 17. f4 Qc8 18. h4 h5 19. Qg5 Rb8 20.
g4 Kf8 21. f5 exf5 22. gxf5 gxf5 23. Rxf5 Qe6 24. Raf1 Bd5 25. Nxd5 Rg8 26. Qxg8+ Kxg8 27. Rg5+ Kf8 28. Nf6 Ke7 29.
Rxh5 Qh3 30. Nd5+ Ke6 31. Nf4+ Ke7 32. Nxh3 Rxb2 33. Rf2 Rxa2 34. Rhf5 Ra3 35. Rxf7+ Ke6 36. Ng5+ Kxe5 37. h5 Rg3+ 38.
Rg2 Ra3 39. h6 Ra6 40. h7 Rh6 41. Rf8 a5 42. h8=Q+ Rxh8 43. Rxh8 a4 44. Ra8 c4 45. Rxa4 Kd5 46. Rd2 c5 47.
Ra5 c3 48. Rd1 Kc4 49. Ne6 Kb4 50. Rxc5 d3 51. Rxd3 Ka4 52. Rd8 Ka3 53. Rb8 Ka4 54. Rc7 Ka3 55. Ra7# 1-0

[Event "NJSK 2024 AmBm"]
[Site "Groningen, Netherlands"]
[Date "2024.04.28"]
[Round "2.7"]
[White "Woldhuis, Thera"]
[Black "Luijkx, Dagmar"]
[Result "0-1"]
[TimeControl "90min/40moves + 30min + 30sec/move"]
[WhiteElo "1662"]
[BlackElo "1701"]

1. e4 e6 2. d4 d5 3. e5 c5 4. c3 Nc6 5. Nf3 Qb6 6. Bd3 Bd7 7. O-O cxd4 8. cxd4 Nxd4 9. Nxd4 Qxd4 10.
Nc3 Qxe5 11. Re1 Qd6 12. Nb5 Qb8 13. Bg5 a6 14. Nc3 Be7 15. Bxe7 Nxe7 16. Qh5 Qd6 17. Rad1 h6 18. Re3 O-O 19.
Rg3 e5 20. Bc2 Bc6 21. Ne4 Qe6 22. Ng5 Qf6 23. Nh7 Qe6 24. Nxf8 Rxf8 25. Re1 e4 26. Rg4 Bd7 27. Rg3 Nf5 28.
Rh3 Qc6 29. Rc3 Qe6 30. Kh1 Qb6 31. Rb3 Qxf2 32. Qd1 Rc8 33. Re2 Qh4 34. Rh3 Qf4 35. Re1 Bb5 36. Bb3 d4 37. a4 Bd3 38.
Qh5 Qf2 39. Rg1 Bc4 40. Bxc4 Rxc4 41. b3 Rc2 42. Qg4 Re2 43. b4 Re1 44. Qd1 Rxd1 45. Rxd1 e3 46. Rf3 e2 47. Rg1 Qxg1+ 48. Kxg1 e1=Q+ 49. Rf1 Qe3+ 50. Rf2 d3 51. Kf1 Qc1# 0-1

[Event "NJSK 2024 AmBm"]
[Site "Groningen, Netherlands"]
[Date "2024.04.28"]
[Round "2.8"]
[White "Ganeshram, Nirupa"]
[Black "Rutten, Lenthe"]
[Result "1-0"]
[TimeControl "90min/40moves + 30min + 30sec/move"]
[WhiteElo "1696"]
[BlackElo "1526"]

1. e4 c5 2. Nf3 d6 3. d4 cxd4 4.
Nxd4 Nf6 5. Nc3 Nc6 6. f3 a6 7. Be3 g6 8. Qd2 Bg7 9. Be2 O-O 10. g4 e5 11. Nb3 Be6 12. O-O-O Ne8 13. h4 f5 14. gxf5 gxf5 15.
Bh6 fxe4 16. Bxg7 Nxg7 17. fxe4 Bxb3 18. axb3 Nd4 19. Bc4+ Kh8 20. h5 Rf4 21. h6 Nge6 22. Bxe6 Nxe6 23.
Qxd6 Qxd6 24. Rxd6 Nc5 25. Rd5 Nxe4 26. Rxe5 Ng3 27. Rhe1 Kg8 28. Rg5+ Kf8 29. Rxg3 Rh4 30. Rf1+ Ke7 31.
Rg7+ 1-0

[Event "NJSK 2024 AmBm"]
[Site "Groningen, Netherlands"]
[Date "2024.04.28"]
[Round "2.9"]
[White "Yildirim, Azra"]
[Black "Kulikova, Polina"]
[Result "0-1"]
[TimeControl "90min/40moves + 30min + 30sec/move"]
[WhiteElo "1597"]
[BlackElo "1690"]

1. c4 e5 2. Nc3 Bb4 3. e3 Bxc3 4. bxc3 d6 5. d4 Ne7 6. dxe5 dxe5 7. Qxd8+ Kxd8 8. Nf3 f6 9. Bd3 Bf5 10.
Bxf5 Nxf5 11. Ba3 Nd7 12. Rd1 Rc8 13. O-O c5 14. Nd2 Nd6 15. Nb3 Ke7 16. Rd5 b6 17. Rfd1 Rc6 18. Nd2 Rd8 19.
f3 Nf8 20. Ne4 Ne6 21. Nxd6 Rcxd6 22. Rxd6 Rxd6 23. Rxd6 Kxd6 24. Kf2 e4 25. f4 Nc7 26. Bb2 Ke6 27. g4 Ne8 28. Ke2 Nd6 29.
Bc1 Nxc4 30. Kd1 g6 31. h4 g5 32. f5+ Kf7 33. hxg5 fxg5 34. Ke2 Ne5 35. Kf2 Nxg4+ 36. Kg3 Ne5 37.
Bb2 Kf6 38. c4 h5 39. Bxe5+ Kxe5 40. f6 Kxf6 41. Kh3 Ke5 42. Kg3 Kf5 43. Kh3 h4 44. a3 a6 45. a4 a5 46. Kh2 Kg4 47.
Kg2 h3+ 48. Kf2 h2 49. Kg2 h1=Q+ 50. Kxh1 Kf3 51. Kh2 Kxe3 52.
Kg2 Kd2 53. Kg3 e3 54. Kg4 e2 55. Kxg5 e1=Q 56. Kf5 Kd3 57. Kf6 Kd4 58. Kf7 Ke5 59. Ke7 Qd2 60. Kf7 Qd6 61. Kg7 Qf6+ 62.
Kg8 Qe7 63. Kh8 Kf6 0-1

[Event "NJSK 2024 AmBm"]
[Site "Groningen, Netherlands"]
[Date "2024.04.29"]
[Round "3.1"]
[White "Tangarife Ramirez, Katja"]
[Black "Verheij, Dana"]
[Result "1/2-1/2"]
[TimeControl "90min/40moves + 30min + 30sec/move"]
[WhiteElo "1742"]
[BlackElo "1923"]

1. Nf3 f5 2. g3 Nf6 3. Bg2 g6 4. O-O Bg7 5. d3 O-O 6. c4 d6 7. Nc3 Nc6 8. Rb1 a5 9. e4 e5 10.
exf5 gxf5 11. Bg5 Ne7 12. Qd2 Kh8 13. Nh4 f4 14. Ne2 h6 15. Bxf6 Bxf6 16. Nf3 Rg8 17. d4 Qe8 18. Nc3 Qg6 19.
dxe5 dxe5 20. Rbe1 Nc6 21. Nd5 Bf5 22. Nxf6 Qxf6 23. Qc3 Rae8 24. Re2 Bg4 25. Ree1 Qg7 26. Nh4 Nd4 27. Kh1 Be2 28.
Rg1 Qf6 29. Bd5 c6 30. Bxg8 Rxg8 31. Ng2 Bf3 32. Qd3 e4 33. Rxe4 Bxe4 34. Qxe4 fxg3 35. fxg3 c5 36. Nf4 b6 37.
Rf1 Qg5 38. Qd5 Qxd5+ 39. Nxd5 Kg7 40. Re1 Rf8 41. Re7+ Kg6 42. Nf4+ Kf5 43. Kg2 Rd8 44. Nd5 b5 45. Ne3+ Kf6 46.
Re4 Ne6 47. Nf1 1/2-1/2

[Event "NJSK 2024 AmBm"]
[Site "Groningen, Netherlands"]
[Date "2024.04.29"]
[Round "3.2"]
[White "Westerhof, Fleur"]
[Black "Oostinga, Elisa"]
[Result "1-0"]
[TimeControl "90min/40moves + 30min + 30sec/move"]
[WhiteElo "1916"]
[BlackElo "1713"]

1. e4 c6 2. d4 d5 3. Nc3 dxe4 4. Nxe4 Bf5 5. Ng3 Bg6 6. Nf3 Nd7 7. h4 h6 8. h5 Bh7 9. Bd3 Bxd3 10.
Qxd3 e6 11. Bf4 Ngf6 12. O-O-O Be7 13. Kb1 O-O 14. Ne4 Nxe4 15. Qxe4 Nf6 16. Qe2 Qd5 17. Ne5 Rad8 18. f3 Qa5 19.
g4 Nd5 20. Bd2 Qb6 21. c4 Nc7 22. Be3 c5 23. dxc5 Bxc5 24. Bxc5 Qxc5 25. Nd7 Qc6 26. Nxf8 Rxf8 27. Rd2 b5 28.
Rc1 Qb6 29. c5 Qb7 30. Rd7 Qc6 31. Rd6 Qb7 32. c6 Qb6 33. Rd7 Rc8 34. Qe5 a5 35. Qf4 f6 36. Qd6 b4 37. Qe7 Ne8 38.
c7 1-0